 Dungeon Crawl Stone Soup version 0.26-a0-20-g5f92b90fa0 (webtiles) character file.

Game seed: 14903615870996931741, levelgen mode: deterministic

291556 Canard the Slayer (level 20, -4/204 HPs)
             Began as a Hill Orc Berserker on May 25, 2020.
             Was the Champion of Trog.
             Killed from afar by a deep elf mage (16 damage)
             ... with a bolt of lightning
             ... on level 3 of the Elven Halls.
             The game lasted 01:44:57 (40854 turns).

Canard the Slayer (Hill Orc Berserker)             Turns: 40854, Time: 01:44:57

Health: -4/204     AC: 46    Str: 29    XL:     20   Next: 32%
Magic:  27/27      EV:  9    Int: 20    God:    Trog [******]
Gold:   3157       SH:  0    Dex: 16    Spells: 19/19 levels left

rFire    . . .     SeeInvis .   b - +9 battleaxe "Nanuddau" {speed, Int+4}
rCold    + . .     Gourm    .   (shield currently unavailable)
rNeg     + . .     Faith    .   s - +8 crystal plate armour {rC+}
rPois    +         Spirit   .   k - +1 hat {MR+}
rElec    .         Reflect  .   G - +4 cloak of the Black Skies {rN+ Int+2 Stlth+}
rCorr    .         Harm     .   m - +0 pair of gloves
MR       +++++                  R - +1 pair of boots {Stlth+}
Stlth    ..........             e - amulet of regeneration
HPRegen  1.84/turn              H - ring "Wog Dag" {MR+ Int+5 Dex+6}
MPRegen  0.20/turn              J - ring of poison resistance

@: lethally poisoned (-4 -> -4), berserk cooldown, regenerating, studying
Fighting
A: hooves 1, clever 1
}: 3/15 runes: decaying, abyssal, gossamer
a: Berserk, Trog's Hand, Brothers in Arms, Renounce Religion


You were on level 3 of the Elven Halls.
You worshipped Trog.
Trog was exalted by your worship.
You were not hungry.

You visited 6 branches of the dungeon, and saw 34 of its levels.
You visited the Abyss 1 time.
You also visited: Bailey and Ice Cave.

You collected 4592 gold pieces.
You spent 1435 gold pieces at shops.

Inventory:

Hand Weapons
 a - the +5 battleaxe "Ocomeuma" {flame, rPois rF- Dex+4 Stlth+}
   (Trog gifted it to you on level 1 of the Elven Halls)

   It has been specially enchanted to burn those struck by it, causing extra
   injury to most foes and up to half again as much damage against particularly
   susceptible opponents.
   Big, fiery blades are also staple armaments of hydra-hunters.
   It affects your dexterity (+4).
   It makes you vulnerable to fire.
   It protects you from poison.
   It makes you more stealthy.
 b - the +9 battleaxe "Nanuddau" (weapon) {speed, Int+4}
   (You acquired it on level 4 of the Lair of Beasts)

   Attacks with this weapon are significantly faster.
   It affects your intelligence (+4).
 g - a +2 executioner's axe of freezing
   (Trog gifted it to you on level 1 of the Lair of Beasts)
 A - a +2 antimagic executioner's axe
   (Trog gifted it to you on level 2 of the Spider Nest)
Missiles
 h - a throwing net
 E - 34 boomerangs
 S - 3 javelins (quivered)
Armour
 k - a +1 hat of magic resistance (worn)
   (You took it off Gastronok on level 1 of the Lair of Beasts)
 m - a +0 pair of gloves (worn)
   (You found it on level 2 of the Dungeon)
 s - a +8 crystal plate armour of cold resistance (worn)
   (You found it in an ice cave)
 G - the +4 cloak of the Black Skies (worn) {rN+ Int+2 Stlth+}
   (You found it on level 4 of the Swamp)

   It affects your intelligence (+2).
   It protects you from negative energy.
   It makes you more stealthy.
 R - a +1 pair of boots of stealth (worn)
   (You found it in an ice cave)
Jewellery
 e - an amulet of regeneration (around neck)
   (You found it on level 8 of the Dungeon)
 j - an uncursed ring of positive energy
   (You found it on level 4 of the Dungeon)
 r - an uncursed ring of flight
   (You found it on level 3 of the Spider Nest)
 H - the ring "Wog Dag" (left hand) {MR+ Int+5 Dex+6}
   (You found it on level 1 of the Swamp)

   [ring of dexterity]

   It affects your intelligence (+5).
   It affects your dexterity (+6).
   It affects your resistance to hostile enchantments.
 J - a ring of poison resistance (right hand)
   (You found it on level 9 of the Dungeon)
 Q - the ring of Waericey {*Drain +Blink MP+9 Slay+3 SInv}
   (You found it on level 1 of the Swamp)

   [ring of magical power]

   It affects your accuracy and damage with ranged weapons and melee attacks
   (+3).
   It affects your magic capacity (+9).
   It lets you see invisible.
   It lets you blink.
   It causes draining when unequipped.
Wands
 t - a wand of disintegration (28)
   (You found it on level 8 of the Dungeon)
 F - a wand of digging (21)
   (You found it on level 5 of the Lair of Beasts)
 I - a wand of acid (10)
   (You found it on level 1 of the Elven Halls)
 K - a wand of paralysis (14)
   (You found it on level 7 of the Dungeon)
 O - a wand of polymorph (8)
   (You found it in an ice cave)
 Y - a wand of clouds (12)
   (You found it on level 7 of the Dungeon)
 Z - a wand of iceblast (44)
   (You found it on level 9 of the Dungeon)
Scrolls
 f - 10 scrolls of enchant weapon
 i - 8 scrolls of identify
 u - 14 scrolls of remove curse
 x - 3 scrolls of fog
 y - 4 scrolls of magic mapping
 C - 15 scrolls of teleportation
 M - 3 scrolls of immolation
 N - 2 scrolls of blinking
 T - 6 scrolls of fear
 W - 2 scrolls of summoning
Potions
 d - 4 potions of mutation
 l - 13 potions of curing
 p - 6 potions of resistance
 q - 8 potions of might
 v - 10 potions of lignification
 w - 2 potions of cancellation
 z - 5 potions of heal wounds
 B - 6 potions of haste
 U - 6 potions of ambrosia
 V - a potion of flight
 X - a potion of invisibility
Books
 L - a manual of Fighting
   (You acquired it in a bailey)
Miscellaneous
 o - a tin of tremorstones (3/3)
   (You found it on level 2 of the Swamp)
 D - 2 boxes of beasts
 P - a phial of floods
   (You found it on level 2 of the Swamp)
Comestibles
 c - 66 rations


   Skills:
 * Level 23.3 Fighting
 - Level 20.0 Axes
 + Level 11.7 Throwing
 * Level 19.7 Armour
 - Level 4.0 Dodging
 - Level 10.0 Evocations


You had 19 spell levels left.
You didn't know any spells.
Your spell library was empty.

Dungeon Overview and Level Annotations

Branches:
Dungeon (15/15)            Temple (0/1) D:7            Lair (6/6) D:9
  Swamp (4/4) Lair:4       Spider (4/4) Lair:3        Slime (0/5) Lair:6
    Orc (2/2) D:12            Elf (3/3) Orc:2        Vaults (0/5) D:13
 Depths (0/5) D:15         Bailey (visited)           IceCv (visited)

Altars:
Ashenzari
Dithmenos
Elyvilon
Fedhas
Gozag
Kikubaaqudgha
Makhleb
Okawaru
Sif Muna
Vehumet
Wu Jian
Xom
Yredelemnul
Jiyva

Shops:
D:13 !   Orc:2 (*:[   Elf:2 *([   Elf:3 *


Innate Abilities, Weirdness & Mutations

You have large cloven feet.
Your mind is acute. (Int +2)


Message History

Exp: ~615(1%)
You miss the deep elf mage.
You feel sick.
The deep elf mage gestures wildly while chanting.
The deep elf mage blinks!
Your magical contamination has completely faded away.
The deep elf mage gestures at you while chanting.
The bolt of lightning misses you. The bolt of lightning hits you!!
* * * LOW HITPOINT WARNING * * *
Things that are here:
a +0 long sword; a +0 leather armour; an elf corpse Huge Dmg: -10%(-20hp) hp: 28%(57hp)
The deep elf mage points at you and mumbles some strange words.
The bolt of lightning hits you but does no damage.
The bolt of lightning hits you!!
* * * LOW HITPOINT WARNING * * *
The deep elf mage gestures at you while chanting.
The bolt of lightning hits you!!
* * * LOW HITPOINT WARNING * * *
The bolt of lightning hits you!
You die...

#.#
##.#8....#
#.#
##'.....##
#.# #.......#
#.# #...P...#
#'###
#.......#
#...#
##.....##
##e[.##
#.....'##
#.....#
#######.##
##...@##
##.##
#...#§##
##.##
######.##
##'## ##○##
##.. ##.#####
##...
##'..)##
#....
#...§.###..e)
#.....e.(....
#.....###4...


You could see a deep elf mage (fast).

Vanquished Creatures
  Mara (Swamp:3)
  A juggernaut (Abyss:3)
  Bai Suzhen (Swamp:3)
  2 deep elf blademasters (Elf:3)
  A deep elf master archer (Elf:3)
  Kirke (Swamp:1)
  A thorn hunter (Swamp:4)
  Gastronok (Lair:1)
  An orc warlord (Orc:2)
  5 ghost moths
  Louise (Elf:3)
  5 emperor scorpions
  3 deep elf sorcerers (Elf:3)
  An angel (Abyss:3)
  4 entropy weavers
  2 ophanim (Abyss:3)
  2 deep elf demonologists (Elf:3)
  A deep elf annihilator (Elf:1)
  Azrael (Spider:2)
  The ghost of Deihiuch the Blocker, a journeyman GnFi of Qazlal (D:15)
  2 deep elf death magi
  An ettin (Orc:2)
  A blizzard demon (IceCv)
  A merfolk impaler (D:15)
  A deep elf high priest (Elf:3)
  A vault guard (D:13)
  19 hydras
  2 ghost crabs (Swamp:3)
  3 centaur warriors
  4 two-headed ogres
  3 shambling mangroves
  24 dancing weapons
  5 tengu warriors
  13 alligators
  2 orc high priests (Orc:2)
  23 deep elf knights
  A wretched star (Abyss:3)
  An unseen horror (D:14)
  A fire crab (Lair:3)
  3 spriggan druids (Swamp:2)
  2 cherubim (Abyss:3)
  12 swamp dragons
  8 deep elf archers
  Pikel (D:5)
  2 spectral hydras (Swamp:2)
  2 wizards
  49 deep elf magi
  A necromancer (D:15)
  13 orb spiders
  13 orc knights
  7 orc sorcerers
  27 wolf spiders
  8 ugly things
  3 oklob plants (Lair:4)
  3 manticores
  A moth of wrath (Spider:3)
  3 cyclopes
  7 elephants
  2 naga magi (D:15)
  A spectral spriggan (Swamp:2)
  A molten gargoyle (Elf:2)
  6 black mambas
  3 ice statues
  4 torpor snails
  A smoke demon (Abyss:3)
  27 spiny frogs
  2 gargoyles
  Maggie (D:6)
  2 centaur skeletons
  5 rime drakes
  2 komodo dragons
  18 demonic crawlers
  An efreet (D:15)
  A kobold demonologist (Bailey)
  13 ice devils (IceCv)
  7 trolls
  32 jumping spiders
  12 hornets
  2 polar bears
  A merfolk (D:10)
  Grinder (D:5)
  5 hippogriffs
  4 bog bodies
  17 blink frogs
  A blink frog (shapeshifter) (D:14)
  10 tyrant leeches
  32 slime creatures
  Prince Ribbit (D:7)
  5 dream sheep (Lair:5)
  A wraith (D:15)
  A flying skull (Abyss:3)
  83 redbacks
  An air elemental (Elf:1)
  4 spriggans
  8 shadows
  47 yaks
  3 large abominations (Abyss:3)
  24 tarantellas
  3 wyverns
  2 vampires (D:15)
  2 water elementals
  6 hogs (Swamp:1)
  3 fire bats (Elf:2)
  6 fire elementals
  11 humans (D:13)
  3 basilisks
  25 vampire mosquitoes
  2 hungry ghosts
  Menkaure (D:6)
  18 swamp worms
  2 wargs (Orc:1)
  2 small abominations (Abyss:3)
  A hydra simulacrum (Swamp:2)
  9 insubstantial wisps
  15 water moccasins
  An acid dragon (D:12)
  5 porcupines
  3 hell hounds (Spider:2)
  6 swamp drakes
  3 slaves (D:5)
  3 phantoms
  43 orc warriors
  7 sky beasts
  A black bear (D:7)
  4 ice beasts
  An eye of draining (D:13)
  22 ogres
  A necrophage (D:6)
  15 centaurs
  9 crocodiles
  4 big kobolds
  30 bullfrogs
  2 earth elementals
  2 hornet simulacra (D:15)
  4 scorpions
  A water moccasin skeleton (D:4)
  A wyvern skeleton (D:10)
  6 killer bees (D:8)
  5 howler monkeys
  7 wights
  5 electric eels
  8 jellies
  2 bullfrog zombies
  5 centaur zombies
  2 quasits
  10 crimson imps
  24 orc priests
  A gnoll shaman (D:5)
  6 bullfrog skeletons
  6 hounds
  25 orc wizards
  Terence (D:2)
  3 iguanas (D:6)
  9 worker ants
  A killer bee zombie (D:6)
  A hound zombie (D:10)
  2 hound skeletons
  2 worker ant zombies
  9 gnolls
  26 adders
  A shadow imp (D:14)
  7 white imps (IceCv)
  6 ufetubi (IceCv)
  2 oozes
  3 adder zombies
  2 worms (D:2)
  8 dart slugs
  8 leopard geckos
  97 orcs
  13 bats
  4 giant cockroaches
  19 hobgoblins
  3 jackals (D:6)
  18 kobolds
  5 quokkas
  A ball python (D:2)
  A ball python skeleton (D:4)
  6 frilled lizards
  18 goblins
  A quokka skeleton (D:6)
  6 rats
  6 briar patches (Swamp:4)
  A bush (D:6)
  9 fungi
  6 plants
1397 creatures vanquished.

Vanquished Creatures (collateral kills)
  The ghost of HYPERHYPER the Champion of Chaos, a journeyman DDFi of Makhleb (Swamp:2)
  2 deep elf annihilators (Elf:3)
  A deep elf death mage (Elf:3)
  A hydra (D:6)
  2 ugly things (Swamp:3)
  A spiny frog (Swamp:3)
  A tyrant leech (Swamp:3)
  A raiju (Abyss:3)
  A bog body (Swamp:3)
  6 slime creatures (Swamp:3)
  2 vampire mosquitoes (Swamp:3)
  A wight (D:5)
  An orc (D:6)
21 creatures vanquished.

Vanquished Creatures (others)
  A spriggan druid (Swamp:4)
  A redback (Spider:4)
  An orc warrior (Orc:2)
  3 white imps (IceCv)
  2 ufetubi (IceCv)
  2 bushes
  12 fungi
  49 plants
71 creatures vanquished.

Grand Total: 1489 creatures vanquished

Notes
Turn   | Place    | Note
-------+----------+-------------------------------------------
     0 | D:1      | Canard the Hill Orc Berserker began the quest for the Orb.
     0 | D:1      | Reached XP level 1. HP: 19/19 MP: 1/1
   187 | D:1      | Reached XP level 2. HP: 22/26 MP: 2/2
   268 | D:1      | Reached skill level 5 in Axes
   657 | D:1      | Reached XP level 3. HP: 14/31 MP: 3/3
  1463 | D:1      | Reached ** piety under Trog
  1948 | D:2      | Noticed Terence
  1953 | D:2      | Killed Terence
  1953 | D:2      | Reached XP level 4. HP: 39/39 MP: 4/4
  2272 | D:2      | Reached XP level 5. HP: 45/45 MP: 5/5
  2293 | D:2      | Found an iron altar of Okawaru.
  2894 | D:3      | Found a white marble altar of Elyvilon.
  3036 | D:3      | Reached *** piety under Trog
  3313 | D:3      | Found a radiant altar of Vehumet.
  3502 | D:4      | Reached skill level 4 in Fighting
  3551 | D:4      | Reached XP level 6. HP: 50/52 MP: 6/6
  3937 | D:4      | Found a shattered altar of Ashenzari.
  4050 | D:4      | Noticed a phantom
  4173 | D:4      | Killed a phantom
  4173 | D:4      | Reached XP level 7. HP: 40/60 MP: 4/7
  4364 | D:5      | Entered Level 5 of the Dungeon
  4383 | D:5      | Noticed Pikel
  4432 | D:5      | Killed Pikel
  4432 | D:5      | Reached skill level 5 in Fighting
  4432 | D:5      | Reached skill level 10 in Axes
  4432 | D:5      | Reached XP level 8. HP: 65/70 MP: 8/8
  4542 | D:5      | Reached **** piety under Trog
  4542 | D:5      | Reached skill level 6 in Fighting
  4569 | D:5      | Reached skill level 5 in Armour
  4718 | D:5      | HP: 3/71 [poisoned by a wight]
  4724 | D:5      | HP: 3/71 [poisoned by a wight]
  4732 | D:5      | HP: 2/71 [poisoned by a wight]
  5475 | D:5      | Reached skill level 7 in Fighting
  5496 | D:5      | Reached skill level 1 in Evocations
  5655 | D:5      | Reached XP level 9. HP: 79/79 MP: 9/9
  5677 | D:5      | Found an opulent altar of Gozag.
  6113 | D:6      | Noticed Grinder
  6119 | D:6      | Paralysed by Grinder for 7 turns
  6132 | D:5      | Killed Grinder
  6719 | D:6      | Noticed Maggie
  6722 | D:6      | Noticed Menkaure
  6758 | D:6      | Killed Maggie
  6764 | D:6      | Killed Menkaure
  7068 | D:7      | Reached skill level 8 in Fighting
  7648 | D:7      | Reached XP level 10. HP: 73/90 MP: 9/13
  7827 | D:7      | Noticed Prince Ribbit
  7834 | D:7      | Killed Prince Ribbit
  8201 | D:6      | Reached skill level 9 in Fighting
  8297 | D:6      | Noticed a manticore
  8360 | D:6      | Noticed a centaur warrior
  8361 | D:6      | Noticed a seven-headed hydra
  8370 | D:6      | Killed a centaur warrior
  8370 | D:6      | Reached skill level 10 in Fighting
  8372 | D:6      | Killed a nine-headed hydra
  8542 | D:6      | Killed a manticore
  9205 | D:7      | Found a shimmering altar of Xom.
  9207 | D:7      | Found a bloodstained altar of Trog.
  9207 | D:7      | Found a shimmering blue altar of Sif Muna.
  9209 | D:7      | Found a basalt altar of Yredelemnul.
  9209 | D:7      | Found an ornate altar of the Wu Jian Council.
  9209 | D:7      | Found a shadowy altar of Dithmenos.
  9278 | D:7      | Found a staircase to the Ecumenical Temple.
  9519 | D:8      | Reached skill level 5 in Evocations
  9860 | D:8      | Found a transporter.
  9864 | D:8      | Noticed a tengu warrior
  9878 | D:8      | Found a transporter.
  9914 | D:8      | Reached XP level 11. HP: 80/101 MP: 11/14
  9964 | D:8      | Noticed a two-headed ogre
  9970 | D:8      | Killed a two-headed ogre
 10062 | D:8      | Noticed a red ugly thing
 10076 | D:8      | Killed a red ugly thing
 10076 | D:8      | Reached skill level 11 in Fighting
 10190 | D:8      | Reached ***** piety under Trog
 10416 | D:8      | Got a ruby-encrusted ring mail
 10657 | D:8      | Killed a tengu warrior
 10978 | D:9      | Reached skill level 12 in Fighting
 11042 | D:9      | Found a staircase to the Lair.
 11413 | D:9      | Received a gift from Trog
 11487 | D:9      | Found an ancient bone altar of Kikubaaqudgha.
 11503 | D:9      | Found a burning altar of Makhleb.
 11503 | D:9      | Found a shimmering blue altar of Sif Muna.
 12042 | D:9      | Noticed a two-headed ogre
 12055 | D:9      | Killed a two-headed ogre
 12211 | D:10     | Entered Level 10 of the Dungeon
 12235 | D:10     | Reached XP level 12. HP: 110/113 MP: 16/16
 13004 | D:11     | Reached skill level 10 in Armour
 13351 | D:11     | Noticed a two-headed ogre
 13366 | D:11     | Killed a two-headed ogre
 13366 | D:11     | Reached skill level 1 in Throwing
 13672 | D:11     | Found a blossoming altar of Fedhas.
 13730 | D:11     | Reached skill level 13 in Fighting
 14454 | Lair:1   | Entered Level 1 of the Lair of Beasts
 14479 | Lair:1   | Noticed Gastronok
 14504 | Lair:1   | Killed Gastronok
 14504 | Lair:1   | Received a gift from Trog
 14567 | Lair:1   | Noticed a five-headed hydra
 14575 | Lair:1   | Killed a one-headed hydra
 15476 | Lair:2   | You fall into a shaft and drop 2 floors!
 15578 | Lair:4   | Noticed an eight-headed hydra
 15603 | Lair:4   | Killed a three-headed hydra
 15706 | Lair:4   | Reached XP level 13. HP: 123/123 MP: 18/18
 15959 | Lair:3   | Reached skill level 15 in Axes
 16049 | Lair:3   | Reached skill level 14 in Fighting
 16057 | Lair:3   | Found a hole to the Spider Nest.
 17951 | Lair:4   | Identified a scroll of acquirement
 17952 | Lair:4   | Got the +9 battleaxe "Nanuddau" {speed, Int+4}
 18195 | Lair:4   | Found a staircase to the Swamp.
 19200 | Lair:5   | Reached skill level 5 in Throwing
 19874 | Lair:6   | Entered Level 6 of the Lair of Beasts
 19900 | Lair:6   | Reached XP level 14. HP: 125/133 MP: 20/20
 20015 | Lair:6   | Received a gift from Trog
 20184 | Lair:6   | Reached ****** piety under Trog
 20357 | Lair:6   | Reached skill level 15 in Fighting
 20710 | Lair:6   | Found a viscous altar of Jiyva.
 20712 | Lair:6   | Found a runed translucent door.
 20714 | Lair:6   | Found a staircase to the Slime Pits.
 21424 | Swamp:1  | Entered Level 1 of the Swamp
 21464 | Swamp:1  | Found a transporter.
 21512 | Swamp:1  | Found a frozen archway.
 21535 | IceCv    | Entered an ice cave
 21573 | IceCv    | Received a gift from Trog
 21709 | IceCv    | Identified the +2 ring mail of the Exiled Visions {rN+++
                  | MP-9 Int-2 Dex+8 SInv} (You found it on level 8 of the
                  | Dungeon)
 21903 | IceCv    | Got a fine demon whip
 21916 | IceCv    | Identified the cursed +3 demon whip of Broken Luck {pain,
                  | *Noise rF+ Dex+2} (You found it in an ice cave)
 22486 | Swamp:1  | Noticed Kirke
 22507 | Swamp:1  | Killed Kirke
 22653 | Swamp:1  | Found a transporter.
 22659 | Swamp:1  | Reached XP level 15. HP: 141/141 MP: 21/21
 22947 | Swamp:1  | Identified the ring of Waericey {*Drain +Blink MP+9 Slay+3
                  | SInv} (You found it on level 1 of the Swamp)
 22962 | Swamp:1  | Got a wavering turquoise ring
 23229 | Swamp:2  | Found a transporter.
 23231 | Swamp:2  | Found a transporter.
 23232 | Swamp:2  | Noticed HYPERHYPER's ghost (journeyman DDFi)
 23945 | Swamp:2  | Reached skill level 16 in Fighting
 23964 | Swamp:2  | Killed HYPERHYPER's ghost
 24180 | Swamp:3  | Noticed Bai Suzhen
 24209 | Swamp:3  | Killed Bai Suzhen
 24238 | Swamp:3  | Noticed Mara
 24314 | Swamp:3  | Noticed Canard's illusion
 24345 | Swamp:3  | Noticed Canard's illusion
 24503 | Swamp:3  | Noticed Canard's illusion
 24592 | Swamp:3  | Killed Mara
 24592 | Swamp:3  | Reached XP level 16. HP: 131/152 MP: 22/22
 24726 | Swamp:3  | Received a gift from Trog
 25538 | Swamp:3  | Gained mutation: You are frail. (-10% HP) [mutagenic glow]
 25586 | Swamp:3  | Gained mutation: You are weak. (Str -2) [mutagenic glow]
 25653 | Swamp:3  | Lost mutation: You are frail. (-10% HP) [potion of
                  | mutation]
 25653 | Swamp:3  | Lost mutation: You are weak. (Str -2) [potion of mutation]
 25653 | Swamp:3  | Gained mutation: Your spells are a little easier to cast,
                  | but a little less powerful. [potion of mutation]
 25653 | Swamp:3  | Gained mutation: You are frail. (-10% HP) [potion of
                  | mutation]
 25653 | Swamp:3  | Gained mutation: You expend magic power (3 MP) to
                  | strengthen your wands. [potion of mutation]
 25654 | Swamp:3  | Lost mutation: You are frail. (-10% HP) [potion of
                  | mutation]
 25654 | Swamp:3  | Lost mutation: You expend magic power (3 MP) to strengthen
                  | your wands. [potion of mutation]
 25654 | Swamp:3  | Lost mutation: Your spells are a little easier to cast, but
                  | a little less powerful. [potion of mutation]
 25654 | Swamp:3  | Gained mutation: You have large cloven feet. [potion of
                  | mutation]
 25654 | Swamp:3  | Gained mutation: Your mind is acute. (Int +2) [potion of
                  | mutation]
 25820 | Swamp:4  | Entered Level 4 of the Swamp
 25849 | Swamp:4  | Reached skill level 17 in Fighting
 25895 | Swamp:4  | Reached skill level 15 in Armour
 25957 | Swamp:4  | Received a gift from Trog
 26080 | Swamp:4  | Noticed a thorn hunter
 26128 | Swamp:4  | Killed a thorn hunter
 26347 | Swamp:4  | Identified the ring "Wog Dag" {MR+ Int+5 Dex+6} (You found
                  | it on level 1 of the Swamp)
 26412 | Swamp:4  | Got an encrusted cloak
 26506 | Swamp:4  | Identified the +4 cloak of the Black Skies {rN+ Int+2
                  | Stlth+} (You found it on level 4 of the Swamp)
 26551 | Swamp:4  | Got a decaying rune of Zot
 27147 | Spider:1 | Entered Level 1 of the Spider Nest
 27160 | Spider:1 | Reached skill level 18 in Fighting
 27500 | Spider:1 | Reached XP level 17. HP: 141/166 MP: 23/23
 27842 | Spider:2 | Reached skill level 19 in Fighting
 28086 | Spider:2 | Noticed Azrael
 28102 | Spider:2 | Received a gift from Trog
 28106 | Spider:2 | Killed Azrael
 28598 | Spider:2 | Identified the amulet "Zausme" {Inacc +Inv} (You found it
                  | on level 2 of the Spider Nest)
 28600 | Spider:2 | Identified the ring of Nileruel {*Tele *Drain rN+++ Dex-2
                  | Slay+5} (You found it on level 2 of the Spider Nest)
 28756 | Spider:3 | Reached skill level 20 in Fighting
 30099 | Spider:4 | Entered Level 4 of the Spider Nest
 30979 | Spider:4 | Received a gift from Trog
 31031 | Spider:4 | Reached XP level 18. HP: 174/180 MP: 24/24
 31364 | Spider:4 | Got a gossamer rune of Zot
 32239 | D:12     | Found a staircase to the Orcish Mines.
 32318 | D:12     | Reached skill level 21 in Fighting
 32645 | D:13     | Received a gift from Trog
 32837 | D:13     | Found Ziutealuta's Distillery.
 33355 | D:13     | Found a gate to the Vaults.
 33781 | D:14     | Identified the +8 plate armour "Vabrar" {Stlth+} (You found
                  | it on level 14 of the Dungeon)
 34354 | D:15     | Entered Level 15 of the Dungeon
 34471 | D:15     | Found a runed translucent gate.
 34472 | D:15     | Found a runed translucent gate.
 34472 | D:15     | Found a runed translucent gate.
 34479 | D:15     | Noticed Deihiuch's ghost (journeyman GnFi)
 34481 | D:15     | Found an iron altar of Okawaru.
 34591 | D:15     | Received a gift from Trog
 34615 | D:15     | Found a staircase to the Depths.
 34809 | D:15     | Identified the ring of Paranoia {Ice rElec Str+4 Int-3
                  | Stlth+} (You found it on level 15 of the Dungeon)
 35087 | D:15     | Killed Deihiuch's ghost
 35218 | Orc:1    | Entered Level 1 of the Orcish Mines
 35218 | Orc:1    | Found a flagged portal.
 35271 | Bailey   | Entered a bailey
 35360 | Bailey   | Found an iron altar of Okawaru.
 35368 | Bailey   | Received a gift from Trog
 35924 | Orc:1    | Found a burning altar of Makhleb.
 35933 | Orc:1    | Reached skill level 10 in Evocations
 36436 | Orc:2    | Entered Level 2 of the Orcish Mines
 36436 | Orc:2    | Found a burning altar of Makhleb.
 36545 | Orc:2    | Found Fopha's Antique Armour Emporium.
 36557 | Orc:2    | Received a gift from Trog
 36763 | Orc:2    | Found Sumeduo's Book Boutique.
 36973 | Orc:2    | Found Qemong's General Store.
 36990 | Orc:2    | Found a staircase to the Elven Halls.
 37070 | Orc:2    | Reached skill level 22 in Fighting
 37085 | Orc:2    | Reached XP level 19. HP: 154/191 MP: 26/26
 37094 | Orc:2    | Reached skill level 10 in Throwing
 37172 | Orc:2    | Found Igeasin's Antique Weapon Boutique.
 37325 | Orc:2    | Bought a manual of Fighting for 1435 gold pieces
 37341 | Elf:1    | Entered Level 1 of the Elven Halls
 37470 | Elf:1    | Received a gift from Trog
 37518 | Elf:1    | Got a glimmering battleaxe {god gift}
 37519 | Elf:1    | Identified the +5 battleaxe "Ocomeuma" {flame, rPois rF-
                  | Dex+4 Stlth+} (Trog gifted it to you on level 1 of the
                  | Elven Halls)
 38586 | Elf:2    | Found Ucziurr's Assorted Antiques.
 38600 | Elf:2    | Cast into level 2 of the Abyss (deep elf knight)
 38731 | Abyss:3  | Received a gift from Trog
 38731 | Abyss:3  | Reached skill level 23 in Fighting
 38742 | Abyss:3  | Found a glowing golden altar of the Shining One.
 38771 | Abyss:3  | Noticed a juggernaut
 38783 | Abyss:3  | Killed a juggernaut
 38790 | Abyss:3  | Got an abyssal rune of Zot
 38799 | Elf:2    | Escaped the Abyss
 38805 | Elf:2    | Found Eniapogi's Armour Emporium.
 39133 | Elf:2    | Found Emokyclodu's Elven Fire.
 39176 | Elf:2    | Found Wadih's Antique Weapon Shop.
 39405 | Elf:2    | Found a huge runed translucent gate.
 39407 | Elf:2    | Found a huge runed translucent gate.
 39410 | Elf:2    | Found a huge runed translucent gate.
 39411 | Elf:2    | Found a huge runed translucent gate.
 39411 | Elf:2    | Found a huge runed translucent gate.
 39733 | Elf:2    | Received a gift from Trog
 40032 | Elf:2    | Reached XP level 20. HP: 154/203 MP: 27/27
 40198 | Elf:3    | Entered Level 3 of the Elven Halls
 40198 | Elf:3    | Noticed Louise
 40236 | Elf:3    | Killed Louise
 40593 | Elf:3    | Found Piotaano's General Store.
 40769 | Elf:3    | Received a gift from Trog
 40854 | Elf:3    | Killed from afar by a deep elf mage

Illustrated notes

Levels and vault maps discovered:
D:1:      evilmike_arrival_plus, layout_basic
D:2:      layout_loops_ring, lemuel_coloured_pillars_altar, uniq_terence
D:3:      layout_basic, nicolae_overflow_crystal_walls, marbit_many_paths
D:4:      layout_loops_ring, kennysheep_mini, first_ration
D:5:      layout_cave_pods, nicolae_gozag_seed_capital, minmay_strange_pillars,
          serial_bayou_pond_b, hex_large, serial_bayou_pond_e, uniq_pikel
D:6:      minmay_klotski, layout_basic, minmay_fractal_squares_5, uniq_menkaure,
          uniq_grinder, uniq_maggie
D:7:      layout_loops_corners, minmay_temple_entry_nine_rooms,
          doesnt_xom_only_xom, uniq_prince_ribbit1
D:8:      gammafunk_the_bubble [the_bubble_gammafunk_crates], layout_basic
D:9:      layout_layer_cave, kiku_gazebo_garden_becter,
          gammafunk_temple_overflow_statue, minmay_lair_entry_grove
D:10:     layout_loops_cross, hangedman_fish_farm
D:11:     layout_layer_cave, fedhas_altar_fruit_tree
D:12:     layout_loops_corners, orc_0_dummy
D:13:     layout_basic, ximxim_vaults_locker_room, serial_shops, shop
D:14:     layout_long_grid, hangedman_decor_peaks_small
D:15:     grunt_enter_depths_magical_seal, layout_irregular_city,
          minmay_misc_feat_x, gammafunk_ghost_fury_of_okawaru,
          minmay_misc_feat_room
Lair:1:   layout_gridlike, uniq_gastronok
Lair:2:   layout_loops_ring
Lair:3:   minmay_lair_venomous_thicket, layout_chaotic_city,
          spider_nest_entry_web_field, hibernation_bobbens
Lair:4:   layout_cave_shapes, nicolae_swamp_entry_splash_gauntlet,
          minmay_lair_oklob_chamber
Lair:5:   layout_layer_cave
Lair:6:   minmay_lair_end_frog_pond, layout_regular_city, slime_altar_2
Swamp:1:  gammafunk_its_a_trap, layout_basic_swamp,
          portal_ice_cave_entry_ice_statue_one, nicolae_swamp_trees_clearing,
          uniq_kirke
Swamp:2:  layout_basic_swamp, gammafunk_ghost_mausoleum,
          evilmike_swamp_ruin_house_4, swamp_pool1
Swamp:3:  layout_basic_swamp, evilmike_swamp_ruin_rubble_1, swamp_pool4,
          uniq_bai_suzhen, uniq_mara
Swamp:4:  swamp_alternative, layout_basic_swamp
Spider:1: layout_spider_delve, drop_trap
Spider:2: layout_spider_delve, worms_lemuel, uniq_azrael
Spider:3: layout_chambers
Spider:4: grunt_spider_rune_parallel
Orc:1:    layout_caves, enter_bailey_2, bloody_makhleb
Orc:2:    grunt_orc_gardens, layout_caves, grunt_orc_garden, grunt_orc_garden,
          grunt_orc_garden, grunt_orc_garden, basic_altar
Elf:1:    minmay_elf_arrival_circle, layout_onion_city, minmay_elf_annihilation
Elf:2:    layout_geoelf_octagon, serial_shops, nicolae_shop_waterfront,
          guppyfry_elf_lava, minmay_shoptagon
Elf:3:    grunt_elf_hall_spiral, layout_geoelf_octagon, serial_shops,
          nicolae_shop_statue_plus, st_stairs_14, uniq_aizul, uniq_louise

Skill      XL: |  1  2  3  4  5  6  7  8  9 10 11 12 13 14 15 16 17 18 19 |
---------------+----------------------------------------------------------+-----
Axes           | 5 6 7 8 10 11 13 14 16 17 19 20 | 20.0
Fighting       | 4 5 7 8 10 12 13 14 15 16 18 20 22 23 | 23.3
Armour         | 3 4 5 6 7 9 11 12 13 14 16 17 19 | 19.7
Evocations     | 1 4 5 6 7 8 10 | 10.0
Dodging        | 3 4 |  4.0
Throwing       | 3 5 6 8 9 11 | 11.7

Action                   |  1- 3 |  4- 6 |  7- 9 | 10-12 | 13-15 | 16-18 | 19-21 || total
-------------------------+-------+-------+-------+-------+-------+-------+-------++-------
Melee: Hand axe          |   107 |   192 |   283 |   950 |   298 |    77 |       ||  1907
       Battleaxe         |       |       |       |       |   742 |  1438 |   538 ||  2718
Throw: Boomerang         |       |       |       |     1 |    21 |    38 |     3 ||    63
       Javelin           |       |       |       |       |       |     8 |     1 ||     9
Invok: Berserk           |     2 |     1 |     3 |     8 |     6 |     4 |     1 ||    25
       Brothers in Arms  |       |       |     1 |     1 |     3 |       |     4 ||     9
       Trog's Hand       |       |       |     2 |     2 |     1 |     2 |    13 ||    20
  Use: Scroll            |       |     4 |     3 |    13 |    13 |    20 |     3 ||    56
       Potion            |       |       |       |       |       |     2 |     3 ||     5
 Stab: Held in net/web   |       |       |       |       |       |     3 |       ||     3
       Distracted        |       |       |       |       |       |       |     3 ||     3
  Eat: Chunk             |     4 |     9 |    12 |    31 |    28 |    37 |    14 ||   135
       Ration            |       |       |     1 |     1 |     3 |     2 |     2 ||     9
Armor: Animal skin       |    32 |       |       |       |       |       |       ||    32
       Scale mail        |       |    80 |    83 |       |       |       |       ||   163
       Acid dragon scale |       |       |    13 |   248 |   172 |       |       ||   433
       Crystal plate arm |       |       |       |       |   307 |  1220 |   224 ||  1751
       Ring mail         |       |       |       |       |     9 |       |       ||     9
Dodge: Dodged            |    68 |    88 |    93 |   380 |   340 |   455 |    72 ||  1496

Table legend:
 A = Non-vault XP
 B = Vault XP
 C = Vault XP percentage of total XP
 D = Non-vault monster count
 E = Vault monster count
 F = Vault count percentage of total count
                 A         B        C        D         E       F
            +---------+---------+-------+---------+---------+-------
      Total |  227870 |  201020 |  46.9 |     962 |     433 |  31.0
            +---------+---------+-------+---------+---------+-------
        D:1 |      53 |       0 |   0.0 |      24 |       0 |   0.0
        D:2 |      89 |      36 |  28.8 |      26 |       1 |   3.7
        D:3 |      60 |       2 |   3.2 |      26 |       1 |   3.7
        D:4 |     389 |       0 |   0.0 |      19 |       0 |   0.0
        D:5 |     909 |    1101 |  54.8 |      24 |       4 |  14.3
        D:6 |     984 |    3005 |  75.3 |      30 |      16 |  34.8
        D:7 |    1537 |     255 |  14.2 |      21 |       1 |   4.5
        D:8 |    3459 |    1677 |  32.7 |      38 |      12 |  24.0
        D:9 |    2484 |    2041 |  45.1 |      27 |      12 |  30.8
       D:10 |    2121 |     293 |  12.1 |      26 |       1 |   3.7
       D:11 |    3994 |       0 |   0.0 |      35 |       0 |   0.0
       D:12 |    2395 |       0 |   0.0 |      21 |       0 |   0.0
       D:13 |    4599 |    3091 |  40.2 |      22 |      12 |  35.3
       D:14 |    7088 |       0 |   0.0 |      29 |       0 |   0.0
       D:15 |    5977 |   12240 |  67.2 |      19 |      18 |  48.6
     Lair:1 |    2280 |    1943 |  46.0 |       9 |       1 |  10.0
     Lair:2 |    1494 |       0 |   0.0 |       4 |       0 |   0.0
     Lair:3 |    4587 |    1708 |  27.1 |      16 |      13 |  44.8
     Lair:4 |    6932 |    2139 |  23.6 |      19 |       6 |  24.0
     Lair:5 |    8031 |       0 |   0.0 |      34 |       0 |   0.0
     Lair:6 |    2336 |   12435 |  84.2 |       9 |      49 |  84.5
    Swamp:1 |   10136 |    5781 |  36.3 |      30 |      11 |  26.8
    Swamp:2 |   10034 |    5831 |  36.8 |      18 |      15 |  45.5
    Swamp:3 |   23168 |   13918 |  37.5 |      71 |       2 |   2.7
    Swamp:4 |    8307 |   18220 |  68.7 |      23 |      27 |  54.0
   Spider:1 |   12649 |     238 |   1.8 |      41 |       1 |   2.4
   Spider:2 |   18040 |    5117 |  22.1 |      49 |      14 |  22.2
   Spider:3 |   18377 |       0 |   0.0 |      44 |       0 |   0.0
   Spider:4 |    8833 |   25715 |  74.4 |      25 |      51 |  67.1
      Orc:1 |    5091 |       0 |   0.0 |      51 |       0 |   0.0
      Orc:2 |    6386 |    9325 |  59.4 |      54 |      26 |  32.5
      Elf:1 |   17412 |    5985 |  25.6 |      29 |       9 |  23.7
      Elf:2 |   15408 |   24875 |  61.8 |      26 |      33 |  55.9
      Elf:3 |   11046 |   18032 |  62.0 |      18 |      14 |  43.8
    Abyss:3 |    1185 |   15026 |  92.7 |       5 |      12 |  70.6
     Bailey |       0 |    4347 | 100.0 |       0 |      42 | 100.0
      IceCv |       0 |    6644 | 100.0 |       0 |      29 | 100.0
            +---------+---------+-------+---------+---------+-------
